 Dungeon Crawl Stone Soup version 0.16-a0-4083-g5af668b (console) character file.

109 mauris the Cudgeler (level 4, -7/35 HPs)
             Began as a Demonspawn Chaos Knight on Feb 22, 2015.
             Mangled by a shadow (24 damage)
             ... summoned by the capriciousness of Xom
             ... on level 4 of the Dungeon.
             The game lasted 00:08:11 (3440 turns).

mauris the Cudgeler (Demonspawn Chaos Knight)       Turns: 3440, Time: 00:08:12

Health: -7/35      AC:  9    Str: 14    XL:     4   Next: 60%
Magic:  3/3        EV: 10    Int: 13    God:    Xom [..*...]
Gold:   123        SH:  0    Dex: 12    Spells: 0 memorised, 3 levels left

rFire  . . .     SeeInvis .     a - +0 mace (chaos)
rCold  . . .     Clarity  .     p - +5 ring mail "Psaysoqonucw" {rElec}
rNeg   . . .     SustAb   .     (no shield)
rPois  .         Gourm    .     (no helmet)
rElec  +         Spirit   .     (no cloak)
rCorr  .         Warding  .     e - +0 pair of gloves
rMut   .         Stasis   .     (no boots)
MR     .....                    (no amulet)
Stlth  +++.......               (no ring)
                                (no ring)

@: not resistant to hostile enchantments, fairly stealthy
A: blurry vision 1, deformed body, low mp 1, nightstalker 2, MP-powered wands 1
a: Renounce Religion


You were on level 4 of the Dungeon.
You worshipped Xom.
You were a toy of Xom.
You were not hungry.

You visited 1 branch of the dungeon, and saw 4 of its levels.

You collected 123 gold pieces.

Inventory:

Hand weapons
 a - a +0 mace of chaos (weapon)
Armour
 b - a +2 leather armour
 e - a +0 pair of gloves (worn)
 o - the +3 robe "Aplidgh" {rC+ MP+9 Dex-2}
   (You found it on level 4 of the Dungeon)

   It affects your dexterity (-2).
   It protects you from cold.
   It affects your magic capacity (+9).
 p - the +5 ring mail "Psaysoqonucw" (worn) {rElec}
   (You found it on level 4 of the Dungeon)

   It insulates you from electricity.
Magical devices
 l - a wand of digging (13)
 m - a wand of confusion (20)
 q - a wand of polymorph (12)
 s - a wand of draining (2)
Scrolls
 g - a scroll of magic mapping {unknown}
 i - 4 scrolls of remove curse
 j - 2 scrolls of amnesia {unknown}
 k - a scroll of random uselessness {unknown}
 r - a scroll of enchant weapon {unknown}
Potions
 f - 2 potions of curing {@q1}
 h - a potion of magic
 n - a potion of might {unknown}
 t - a potion of heal wounds {unknown}
Comestibles
 c - 2 bread rations
 d - 6 chunks of flesh


   Skills:
 - Level 3.2 Fighting
 + Level 4.7 Maces & Flails
 - Level 1.8 Armour
 - Level 1.0 Dodging


You had 3 spell levels left.
You didn't know any spells.

Dungeon Overview and Level Annotations

Branches:
Dungeon (4/15)
 Temple: D:4-7

Altars:
Sif Muna


Innate Abilities, Weirdness & Mutations

You are significantly more attuned to the shadows.
Scrolls take you a little longer to read.
Armour fits poorly on your strangely shaped body.
Your magical capacity is low (-10% MP).
You expend magic power (3 MP) to slightly strengthen your wands.


Message History

Deactivating autopickup; reactivate with Ctrl-A.
Read which item? (? for menu, Esc to quit)
You begin reading the scroll.
You continue reading the scroll.
The shadow hits you.
As you read the scroll labeled ANUPAG MYUCRU, it crumbles to dust.
You feel blessed for a moment.
It was a scroll of remove curse.
Damage: -8%(-3hp) hp: 92%(32hp)
You hit the shadow but do no damage. The shadow closely misses you.
The shadow hits you.
You hit the shadow but do no damage. The shadow hits you.
Damage: -14%(-5hp) hp: 78%(27hp)
Your ring mail "Psaysoqonucw" prevents you from hitting the shadow.
The shadow hits you!
Huge Dmg: -32%(-11hp) hp: 46%(16hp)
The shadow slips into darkness.
The shadow flickers and vanishes!
Reactivating autopickup.
The shadow strikes at you from the darkness!
Ouch! That really hurt!
You die...

#########.(##..# ...............#
.....###.......# .....# ##..##..#
## .....# #..##..# .#
.....####).##..###### .#
.}...'............... ..
.....###...###.################.#
....>...........1................
...#####...........############..
.}## #..####.###.# .# .## #).#
#.# #.# .# .### . #.# #.# .# ...#
#+# #.# .# ...# #.# # ...## ...
#.# ....# #... { #.#


There were no monsters in sight!

Vanquished Creatures
  An adder (D:3)
  4 worms
  2 giant geckos (D:1)
  An orc (D:4)
  4 giant cockroaches
  12 goblins
  7 hobgoblins
  8 jackals
  A quokka (D:2)
  7 bats
  2 giant newts (D:2)
  12 kobolds
  11 rats
72 creatures vanquished.

Notes
Turn   | Place    | Note
--------------------------------------------------------------
     0 | D:1      | mauris, the Demonspawn Chaos Knight, began the quest for the Orb.
     0 | D:1      | Reached XP level 1. HP: 18/18 MP: 1/1
    98 | D:1      | Reached skill level 1 in Dodging
   124 | D:1      | Gained mutation: You are slightly more attuned to the shadows. [demonic ancestry]
   124 | D:1      | Reached XP level 2. HP: 24/24 MP: 2/2
   174 | D:1      | XOM: harmless Chrm miscast
   272 | D:1      | Huge Dmg: 5 Dmg
   426 | D:1      | XOM: give mutations
   426 | D:1      | Gained mutation: Your magical capacity is low (-10% MP). [Xom's mischief]
   426 | D:1      | Gained mutation: Scrolls take you a little longer to read. [Xom's mischief]
   426 | D:1      | Gained mutation: Armour fits poorly on your strangely shaped body. [Xom's mischief]
   426 | D:1      | Gained mutation: You expend magic power (3 MP) to slightly strengthen your wands. [Xom's mischief]
   427 | D:1      | Huge Dmg: 12 Dmg
   985 | D:2      | Gained mutation: You are significantly more attuned to the shadows. [demonic ancestry]
   985 | D:2      | Reached XP level 3. HP: 29/29 MP: 2/2
  1194 | D:2      | Huge Dmg: 14 Dmg
  1372 | D:2      | Huge Dmg: 8 Dmg
  1375 | D:2      | XOM: harmless Hex miscast
  1378 | D:2      | Huge Dmg: 5 Dmg
  1380 | D:2      | Huge Dmg: 4 Dmg
  1564 | D:2      | Huge Dmg: 6 Dmg
  1568 | D:2      | Huge Dmg: 6 Dmg
  1568 | D:2      | Reached skill level 4 in Maces & Flails
  1864 | D:2      | Huge Dmg: 7 Dmg
  1865 | D:2      | Huge Dmg: 7 Dmg
  1885 | D:2      | Reached XP level 4. HP: 14/35 MP: 3/3
  2249 | D:3      | Noticed a sky beast
  2265 | D:3      | Huge Dmg: 10 Dmg
  2442 | D:3      | XOM: enchant monster (bad)
  2444 | D:3      | Huge Dmg: 7 Dmg
  2558 | D:3      | Found a deep blue altar of Sif Muna.
  2596 | D:3      | XOM: noise
  2597 | D:3      | Huge Dmg: 7 Dmg
  2599 | D:3      | Huge Dmg: 9 Dmg
  2600 | D:3      | Huge Dmg: 7 Dmg
  2612 | D:3      | XOM: noise
  2620 | D:3      | Huge Dmg: 2 Dmg
  3043 | D:4      | Got a smoking robe
  3054 | D:4      | Identified the +3 robe "Aplidgh" {rC+ MP+9 Dex-2} (You found it on level 4 of the Dungeon)
  3123 | D:4      | Got a distressingly furry ring mail
  3134 | D:4      | Identified the +5 ring mail "Psaysoqonucw" {rElec} (You found it on level 4 of the Dungeon)
  3199 | D:4      | XOM: divination: detect items
  3207 | D:4      | Huge Dmg: 10 Dmg
  3248 | D:4      | XOM: divination: detect creatures
  3421 | D:4      | XOM: medium Necr miscast
  3422 | D:4      | Noticed a shadow
  3422 | D:4      | Noticed a shadow
  3433 | D:4      | Huge Dmg: 11 Dmg
  3440 | D:4      | Mangled by a shadow

Action                   |  1- 3 |  4- 6 || total
-------------------------+-------+-------++-------
Melee: Mace              |   126 |    98 ||   224
  Use: Scroll            |       |     4 ||     4
 Stab: Sleeping          |     6 |     1 ||     7
       Distracted        |       |     1 ||     1
       Paralysed         |       |     1 ||     1
  Eat: Chunk             |     3 |     5 ||     8

Vault maps used:
D:1:      minmay_arrival_split_and_join
D:3:      lemuel_blue_sif_altar
D:4:      min_item_tele_traps, minmay_tree_intersection, grunt_ministairs_1
